 Dungeon Crawl Stone Soup version 0.26-a0-651-gb41185065b (webtiles) character file.

Game seed: 3405688170825753639

54 Ozzies the Poker (level 3, -3/30 HPs)
             Began as a Merfolk Gladiator on Oct 3, 2020.
             Slain by a hobgoblin (4 damage)
             ... on level 1 of the Dungeon.
             The game lasted 00:02:44 (1378 turns).

Ozzies the Poker (Merfolk Gladiator)                Turns: 1378, Time: 00:02:45

Health: -3/30      AC:  5    Str: 15    XL:     3   Next: 91%
Magic:  3/3        EV: 14    Int:  7    God:
Gold:   42         SH:  0    Dex: 15    Spells: 2/2 levels left

rFire    . . .     SeeInvis .   i - +0 short sword (freeze)
rCold    . . .     Faith    .   (no shield)
rNeg     . . .     Spirit   .   b - +0 leather armour
rPois    .         Reflect  .   c - +0 helmet
rElec    .         Harm     .   (no cloak)
rCorr    .         Rampage  .   (no gloves)
MR       .....                  j - +0 pair of boots
Stlth    +.........             (no amulet)
HPRegen  0.10/turn              f - ring of flight
MPRegen  0.08/turn              (no ring)

@: no status effects
A: change form in water, swift swim, stealthy swim
a: Evoke Flight


You were on level 1 of the Dungeon.
You visited 1 branch of the dungeon, and saw 2 of its levels.

You collected 42 gold pieces.

Inventory:

Hand Weapons
 a - a +0 trident
 i - a +0 short sword of freezing (weapon)
Missiles
 d - 3 throwing nets (quivered)
 m - 12 poisoned darts
Armour
 b - a +0 leather armour (worn)
 c - a +0 helmet (worn)
 j - a +0 pair of boots (worn)
Jewellery
 f - a ring of flight (left hand)
Scrolls
 e - a scroll of fog {unknown}
 g - a scroll of blinking {unknown}
 h - 2 scrolls of remove curse {unknown}
 l - a scroll of identify {unknown}
Potions
 k - a potion of curing {unknown}


   Skills:
 + Level 4.2 Fighting
 - Level 4.7 Polearms
 - Level 2.0 Throwing
 - Level 4.1 Dodging


You had 2 spell levels left.
You didn't know any spells.
Your spell library was empty.

Dungeon Overview and Level Annotations

Branches:
Dungeon (2/15)

Altars:


Message History

The leopard gecko bites you.
* * * LOW HITPOINT WARNING * * *
You hit the hobgoblin but do no damage.
The hobgoblin hits you but does no damage.
The leopard gecko closely misses you.
You closely miss the leopard gecko.
The leopard gecko bites you but does no damage.
The hobgoblin hits you.
* * * LOW HITPOINT WARNING * * *
The leopard gecko misses you.
You hit the leopard gecko but do no damage.
The hobgoblin closely misses you. The leopard gecko barely misses you.
The hobgoblin misses you.
You closely miss the leopard gecko. The leopard gecko bites you.
* * * LOW HITPOINT WARNING * * *
The hobgoblin barely misses you.
You hit the leopard gecko. You freeze the leopard gecko.
The leopard gecko is heavily wounded.
The leopard gecko barely misses you. The hobgoblin hits you.
You die...

#############.######....
#...........#.# #....
#.#...........# ##...
#.#...........#######...
#.#.....................
#.#...........########.#
#.#...........# #....+
#.#.....g.....#####+##+#
#.#..>.@l.....#.........
#.#.....).....#.........
#.#...........#.........
#.#...........#.........
#.#..........##.........
#†#.................##.#
#.#######.....########.#
#.........[...#.........
########......#.######.#


You could see a leopard gecko and a hobgoblin.

Vanquished Creatures
  An adder (D:2)
  3 dart slugs (D:1)
  A leopard gecko (D:1)
  A ball python (D:2)
  5 giant cockroaches
  3 goblins (D:1)
  4 hobgoblins (D:1)
  3 jackals (D:1)
  5 kobolds (D:1)
  5 bats (D:1)
  2 frilled lizards (D:1)
  3 rats
36 creatures vanquished.

Notes
Turn   | Place    | Note
-------+----------+-------------------------------------------
     0 | D:1      | Ozzies the Merfolk Gladiator began the quest for the Orb.
     0 | D:1      | Reached XP level 1. HP: 16/16 MP: 1/1
   207 | D:1      | Reached XP level 2. HP: 9/23 MP: 2/2
   791 | D:1      | Reached XP level 3. HP: 23/29 MP: 3/3
  1377 | D:1      | HP: 1/30 [leopard gecko (3)]
  1378 | D:1      | Slain by a hobgoblin

Illustrated notes

Levels and vault maps discovered:
D:1:      dpeg_arrival_leaves_temple_mockup, layout_basic, minmay_heptomino_o4
D:2:      layout_rooms, lemuel_coloured_pillars_altar

Skill      XL: |  1  2  3 |
---------------+----------+-----
Fighting       | 3 4 |  4.2
Polearms       | |  4.7
Throwing       | |  2.0
Dodging        | |  4.1

Action                   || total
-------------------------++-------
Melee: Trident           ||    47
       Short sword       ||    71
 Stab: Sleeping          ||     3
Armor: Leather armour    ||    34
Dodge: Dodged            ||   134

Table legend: (Time is in decaauts)
 A = Elapsed time spent in this place.
 B = Non-inter-level travel time spent in this place.
 C = Inter-level travel time spent in this place.
 D = Time resting spent in this place.
 E = Time spent auto-exploring this place.
 F = Levels seen in this place.
 G = Mean time per level.
                   A        B        C        D        E       F      G
               +--------+--------+--------+--------+--------+-----+--------+
         Total |   1387 |   1313 |     74 |     24 |   1045 |   2 |  693.5 |
       Dungeon |   1387 |   1313 |     74 |     24 |   1045 |   2 |  693.5 |
               +--------+--------+--------+--------+--------+-----+--------+

Top non-repeatable levels by time:
     D:1: 1362 daAuts
     D:2: 24 daAuts
